[Event "December 12 Late 2023"]
[Site "https://www.chess.com"]
[Date "2023.12.12"]
[Round "5"]
[White "Buchenau, Frank"]
[Black "Filgueira, Hernan"]
[Result "0-1"]
[Board "80"]
[TimeControl "180+1"]
[WhiteFideId "4604350"]
[BlackFideId "101770"]
[WhiteElo "2426"]
[BlackElo "2562"]
[WhiteTeam "GER"]
[BlackTeam "ARG"]
[WhiteClock "0:00:00"]
[BlackClock "0:00:18"]

1. e4 d5 2. exd5 Qxd5 3. Nc3 Qa5 4. d4 Nf6 5. Nf3 Bf5 6. Bd3 Bxd3 7. Qxd3 c6 8. Bd2 Qa6 9. Qxa6 Nxa6 10. a3 e6 11. O-O-O Nc7 12. Rhe1 Be7 13. Ne2 O-O-O 14. Ne5 Rhf8 15. c4 Nd7 16. Bf4 Nxe5 17. Bxe5 g6 18. Nc3 Rd7 19. Ne4 f6 20. Bf4 Rfd8 21. Be3 b6 22. Kc2 Kb7 23. h3 g5 24. f4 gxf4 25. Bf2 f5 26. Nc3 Bf6 27. Ne2 Bg5 28. Bg1 Rg8 29. Bh2 Bh6 30. Bxf4 Rg6 31. Bxh6 Rxh6 32. Nf4 Rg7 33. Re2 Rd7 34. Kc3 c5 35. Red2 Rf6 36. dxc5 Rxd2 37. Rxd2 e5 38. Nd5 Rg6 39. cxb6 axb6 40. Nxc7 Kxc7 41. b4 Rg3+ 42. Kb2 e4 43. a4 e3 44. Re2 f4 45. Kc3 h5 46. Kd4 h4 47. Ke4 Rg6 48. Kxf4 Rc6 49. Rc2 e2 50. Rxe2 Rxc4+ 51. Re4 Rc2 52. Kf3 Rc3+ 53. Kf2 Rc2+ 54. Re2 Rc4 55. Re7+ Kd6 0-1

[Event "December 12 Late 2023"]
[Site "https://www.chess.com"]
[Date "2023.12.12"]
[Round "5"]
[White "Kashefi, Amir Hosein"]
[Black "Sari, Yasin"]
[Result "1-0"]
[Board "81"]
[TimeControl "180+1"]
[WhiteFideId "12557935"]
[BlackFideId "6320902"]
[WhiteElo "2559"]
[BlackElo "2423"]
[WhiteTeam "IRI"]
[BlackTeam "TUR"]
[WhiteClock "0:00:52"]
[BlackClock "0:00:12"]

1. d4 d5 2. c4 c6 3. Nc3 Nf6 4. cxd5 cxd5 5. Nf3 Nc6 6. Bf4 Bf5 7. Qb3 Na5 8. Qa4+ Bd7 9. Qc2 e6 10. e3 Rc8 11. Bd3 Be7 12. O-O O-O 13. Rfc1 b5 14. Qe2 Nc4 15. Ne5 Be8 16. b3 Nxe5 17. Bxe5 b4 18. Na4 Ne4 19. f3 Nc3 20. Nxc3 bxc3 21. Ba6 Ba3 22. Bxc8 Bxc1 23. Rxc1 Qxc8 24. Bd6 1-0

[Event "December 12 Late 2023"]
[Site "https://www.chess.com"]
[Date "2023.12.12"]
[Round "5"]
[White "Avila Rodriguez, Joshua Ad"]
[Black "Santos Flores, Alberto"]
[Result "1-0"]
[Board "82"]
[TimeControl "180+1"]
[WhiteFideId "5126444"]
[BlackFideId "3601234"]
[WhiteElo "2417"]
[BlackElo "2553"]
[WhiteTeam "MEX"]
[BlackTeam "ECU"]
[WhiteClock "0:00:03"]
[BlackClock "0:00:00"]

1. e4 e6 2. d4 d5 3. e5 c5 4. c3 Qb6 5. Nf3 Nc6 6. a3 a5 7. Bd3 Bd7 8. Bc2 a4 9. O-O Nh6 10. Re1 Nf5 11. Bxf5 exf5 12. c4 dxc4 13. d5 Nd4 14. Nc3 Be7 15. Rb1 O-O 16. Be3 Nb3 17. Qe2 Bb5 18. Rbd1 Rfe8 19. Nd2 Nd4 20. Bxd4 cxd4 21. Nxb5 Qxb5 22. Qxc4 Qxb2 23. d6 Bf8 24. Nf3 Qxa3 25. Rb1 Qc3 26. Qd5 Qc6 27. Qxc6 bxc6 28. Nxd4 c5 29. Nb5 Reb8 30. Nc7 Rxb1 31. Rxb1 Rd8 32. Ra1 f6 33. f4 g5 34. g3 gxf4 35. gxf4 fxe5 36. fxe5 Bxd6 37. exd6 Rxd6 38. Rxa4 Rc6 39. Nd5 c4 40. Nc3 Kf7 41. Ra5 Ke6 42. Kf2 Rb6 43. Ke3 Rb2 44. Ra2 Rb3 45. Kd4 Rb4 46. Ra6+ Kf7 47. h4 Rb2 48. Kxc4 Rh2 49. Ra7+ Kg6 50. Ra6+ Kg7 51. Nd5 Rxh4+ 52. Kc5 Re4 53. Kd6 h5 54. Ra2 Kh6 55. Rg2 h4 56. Ne7 1-0

[Event "December 12 Late 2023"]
[Site "https://www.chess.com"]
[Date "2023.12.12"]
[Round "5"]
[White "Melikhov, Evgeny V."]
[Black "Keleberda, Tymur"]
[Result "0-1"]
[Board "83"]
[TimeControl "180+1"]
[WhiteFideId "4122046"]
[BlackFideId "14174294"]
[WhiteElo "2415"]
[BlackElo "2547"]
[WhiteTeam "GRE"]
[BlackTeam "CAN"]
[WhiteClock "0:00:00"]
[BlackClock "0:00:10"]

1. d4 Nf6 2. c4 e6 3. Nc3 Bb4 4. Qc2 d6 5. e4 Bxc3+ 6. bxc3 Nfd7 7. Nf3 Nc6 8. a4 Na5 9. c5 dxc5 10. Ba3 O-O 11. dxc5 Nc6 12. Bb5 Ne7 13. O-O c6 14. Bd3 Ng6 15. Rfd1 Qe7 16. Qe2 Nf4 17. Qe3 Nxd3 18. Rxd3 e5 19. Rad1 h6 20. Rd6 Nf6 21. h3 Be6 22. Nxe5 Bb3 23. Rb1 Bxa4 24. Nc4 Qxe4 25. Qxe4 Nxe4 26. Rd7 Nxc3 27. Rbxb7 Bc2 28. Nd6 Bg6 29. Rxa7 Rxa7 30. Rxa7 Rb8 31. f3 Ne2+ 32. Kf2 Nd4 33. Rb7 Ra8 34. Bb2 Ra2 35. Ke3 Ne6 36. g4 Nxc5 37. Rb8+ Kh7 38. Bd4 Ne6 39. Bc3 Ra3 40. Kf2 Rxc3 41. f4 Rc2+ 0-1

[Event "December 12 Late 2023"]
[Site "https://www.chess.com"]
[Date "2023.12.12"]
[Round "5"]
[White "Zeneli, Klendi"]
[Black "Asish Panda"]
[Result "0-1"]
[Board "84"]
[TimeControl "180+1"]
[WhiteFideId "4706609"]
[BlackFideId "45012458"]
[WhiteElo "2408"]
[BlackElo "2537"]
[WhiteTeam "ALB"]
[BlackTeam "IND"]
[WhiteClock "0:00:32"]
[BlackClock "0:00:09"]

1. e4 e6 2. d4 d5 3. Nd2 c5 4. Ngf3 cxd4 5. Nxd4 Nc6 6. Bb5 Bd7 7. Nxc6 bxc6 8. Bd3 Bd6 9. O-O Ne7 10. Qe2 Ng6 11. Nf3 O-O 12. e5 Be7 13. g3 c5 14. c4 Bc6 15. h4 Re8 16. h5 Nf8 17. Bf4 Rb8 18. b3 Nd7 19. Nh2 f5 20. cxd5 Bxd5 21. Bc4 Nb6 22. Bxd5 Nxd5 23. Bd2 Bg5 24. Nf3 Bxd2 25. Qxd2 Qe7 26. Rac1 Rbc8 27. Rc4 f4 28. g4 h6 29. Kg2 Red8 30. Qc2 Qb7 31. Qe4 Rf8 32. Nh4 f3+ 33. Kh2 Rf4 34. Qg6 Qe7 35. Kg3 Rcf8 36. Rd1 Rxc4 37. bxc4 Nf4 38. Qe4 Qg5 39. Nxf3 Nxh5+ 40. Kh2 Rxf3 41. Qxf3 Qxe5+ 42. Kg1 Nf4 43. Qe3 Qg5 44. f3 Nh3+ 45. Kg2 Qxe3 46. Kxh3 Qxf3+ 0-1

[Event "December 12 Late 2023"]
[Site "https://www.chess.com"]
[Date "2023.12.12"]
[Round "5"]
[White "Zakarian, David"]
[Black "Rodgers, Jack"]
[Result "1-0"]
[Board "85"]
[TimeControl "180+1"]
[WhiteFideId "13301276"]
[BlackFideId "3220885"]
[WhiteElo "2406"]
[BlackElo "2531"]
[WhiteTeam "ARM"]
[BlackTeam "AUS"]
[WhiteClock "0:00:20"]
[BlackClock "0:00:00"]

1. e4 c5 2. Nf3 g6 3. Bc4 Bg7 4. O-O e6 5. Re1 Ne7 6. Bf1 O-O 7. d3 Nbc6 8. c3 d5 9. Qe2 b6 10. Nbd2 Ba6 11. Qd1 Qd7 12. Qa4 Bb7 13. Qc2 Rac8 14. g3 Rfd8 15. a3 Ba6 16. Qa4 Bb7 17. Rb1 a6 18. Qc2 b5 19. Bg2 c4 20. d4 a5 21. exd5 exd5 22. Nf1 Re8 23. h4 h5 24. Bf4 Nf5 25. Qd2 Rxe1 26. Rxe1 Re8 27. Bh3 Rxe1 28. Qxe1 Qe6 29. Qxe6 fxe6 30. Ne3 b4 31. axb4 axb4 32. Ng5 Bc8 33. Bxf5 gxf5 34. Kf1 Bf6 35. Nf3 b3 36. Ke2 Kf7 37. Kd2 Be7 38. Ng2 Bf6 39. Bd6 Ke8 40. Nf4 Kd7 41. Be5 Bxe5 42. Nxe5+ Nxe5 43. dxe5 Ke7 44. Nxh5 Kf7 45. Nf4 Kg7 46. Ke3 Bd7 47. Kd4 Bc8 48. f3 Kf7 49. g4 fxg4 50. fxg4 Kg7 51. g5 Kf7 52. h5 Kg7 53. Kc5 Kf7 54. Ne2 Bd7 55. Kd6 Be8 56. Nd4 Kg7 57. g6 Kh6 58. Kxe6 Kxh5 59. g7 1-0

[Event "December 12 Late 2023"]
[Site "https://www.chess.com"]
[Date "2023.12.12"]
[Round "5"]
[White "Sroczynski, Maciej"]
[Black "Esmeraldas Huachi, Anderson"]
[Result "0-1"]
[Board "86"]
[TimeControl "180+1"]
[WhiteFideId "1121472"]
[BlackFideId "3616363"]
[WhiteElo "2531"]
[BlackElo "2404"]
[WhiteTeam "POL"]
[BlackTeam "ECU"]
[WhiteClock "0:00:58"]
[BlackClock "0:01:22"]

1. d4 d5 2. c4 dxc4 3. e4 Nf6 4. Nc3 e5 5. d5 b5 6. f3 b4 7. Nce2 Bc5 8. Ng3 O-O 9. Bxc4 h5 10. Bg5 Nbd7 11. Qe2 Nb6 12. Rc1 Be7 13. Bb5 Nfxd5 14. Bxe7 Nxe7 15. Nxh5 Ng6 16. Qe3 Qh4+ 17. Ng3 Nf4 18. Kf2 Be6 19. Ne2 a6 20. Bc6 Rad8 21. Rhe1 Qxh2 22. Rg1 Nd3+ 23. Kf1 Nc4 24. Rxc4 Bxc4 25. Qg5 Nf4 26. Nf5 Bxe2+ 27. Kf2 Nh3+ 0-1

[Event "December 12 Late 2023"]
[Site "https://www.chess.com"]
[Date "2023.12.12"]
[Round "5"]
[White "Storn, Justin"]
[Black "Rama, Tejas"]
[Result "0-1"]
[Board "87"]
[TimeControl "180+1"]
[WhiteFideId "30922720"]
[BlackFideId "30907381"]
[WhiteElo "2371"]
[BlackElo "2528"]
[WhiteTeam "USA"]
[BlackTeam "USA"]
[WhiteClock "0:00:00"]
[BlackClock "0:00:11"]

1. Nf3 Nf6 2. g3 d5 3. Bg2 c5 4. c4 d4 5. b4 cxb4 6. a3 b3 7. O-O Nc6 8. d3 e5 9. Qxb3 Be7 10. e4 O-O 11. Nh4 Qc7 12. Nf5 Be6 13. a4 Nd7 14. Ba3 Bxa3 15. Qxa3 b6 16. f4 exf4 17. gxf4 Bxf5 18. exf5 Nc5 19. a5 Rae8 20. Nd2 Re3 21. Rf3 Rxf3 22. Bxf3 Qxf4 23. Bxc6 Qxd2 24. axb6 axb6 25. Qa7 Qe3+ 26. Kh1 Nxd3 27. Qxb6 Nf2+ 28. Kg2 Nd3 29. Rf1 Qe2+ 30. Kg1 Ne5 31. Bd5 d3 32. Qd4 Ng4 0-1

[Event "December 12 Late 2023"]
[Site "https://www.chess.com"]
[Date "2023.12.12"]
[Round "5"]
[White "Rogov, Matfey"]
[Black "Adamczyk, Zuzanna"]
[Result "0-1"]
[Board "88"]
[TimeControl "180+1"]
[WhiteFideId "44191308"]
[BlackFideId "1187570"]
[WhiteElo "2523"]
[BlackElo "2352"]
[WhiteTeam "RUS"]
[BlackTeam "POL"]
[WhiteClock "0:00:02"]
[BlackClock "0:00:16"]

1. e4 d6 2. Nc3 Nf6 3. f4 a6 4. a4 e5 5. Nf3 Nc6 6. Bc4 Bg4 7. O-O exf4 8. d4 Be7 9. Bxf4 O-O 10. Qd3 Nb4 11. Qd2 d5 12. exd5 Nfxd5 13. Ne5 Be6 14. Ne2 Nxf4 15. Rxf4 Bxc4 16. Nxc4 Bg5 17. Qxb4 Bxf4 18. Rf1 Bd6 19. Qxb7 Qe7 20. Qf3 Rae8 21. Nc3 Qh4 22. Nxd6 Qxd4+ 23. Kh1 Qxd6 24. h3 h6 25. a5 Qb4 26. Nd5 Qxa5 27. c4 c6 28. b4 Qa2 29. Nb6 Qe2 30. Nd7 Qxf3 31. gxf3 Rb8 32. Nxb8 Rxb8 33. Rb1 a5 34. b5 cxb5 35. cxb5 Rb6 36. Kg2 Kh7 37. Kg3 Kg6 38. h4 Kf5 39. Rb2 h5 40. Rb1 g6 41. Rb2 Ke5 42. Rb1 Kd5 43. Kf4 Kc5 44. Kg5 Rxb5 45. Rc1+ Kb4+ 46. Kh6 Rf5 47. Rf1 Rf4 48. Kg5 Rf5+ 49. Kh6 a4 50. Kg7 a3 51. Rb1+ Ka4 52. Rb7 a2 53. Ra7+ Ra5 0-1

[Event "December 12 Late 2023"]
[Site "https://www.chess.com"]
[Date "2023.12.12"]
[Round "5"]
[White "Kopczynski, Michal"]
[Black "Rose, Felix"]
[Result "1-0"]
[Board "89"]
[TimeControl "180+1"]
[WhiteFideId "1124200"]
[BlackFideId "5105722"]
[WhiteElo "2522"]
[BlackElo "2332"]
[WhiteTeam "POL"]
[BlackTeam "MEX"]
[WhiteClock "0:00:39"]
[BlackClock "0:00:00"]

1. e4 e5 2. Nf3 Nc6 3. Bb5 a6 4. Ba4 Nf6 5. d3 b5 6. Bb3 Bc5 7. a4 Rb8 8. axb5 axb5 9. O-O d6 10. h3 h6 11. Nc3 O-O 12. Ne2 Ne7 13. Ng3 Ng6 14. Be3 Bb6 15. Bxb6 Rxb6 16. Ra8 Ra6 17. Rxa6 Bxa6 18. Qd2 Nf4 19. Ra1 Bc8 20. Ra8 Qe7 21. Qa5 c6 22. Nh4 Nxe4 23. Nhf5 Bxf5 24. Nxf5 Qg5 25. Rxf8+ Kh7 26. Ne3 Nxh3+ 27. Kf1 Nhxf2 28. Bxf7 Qxe3 29. Rh8+ 1-0

[Event "December 12 Late 2023"]
[Site "https://www.chess.com"]
[Date "2023.12.12"]
[Round "5"]
[White "Marcziter, Dmitrii"]
[Black "Tikhonov, Viacheslav"]
[Result "1-0"]
[Board "90"]
[TimeControl "180+1"]
[WhiteFideId "13900765"]
[BlackFideId "44196407"]
[WhiteElo "2327"]
[BlackElo "2522"]
[WhiteTeam "GER"]
[BlackTeam "RUS"]
[WhiteClock "0:00:49"]
[BlackClock "0:00:00"]

1. d4 Nf6 2. Nf3 g6 3. c4 Bg7 4. g3 O-O 5. Bg2 c6 6. Nc3 d5 7. cxd5 cxd5 8. Ne5 Ng4 9. f4 Nxe5 10. fxe5 e6 11. O-O Nc6 12. Be3 f6 13. exf6 Bxf6 14. Qd2 Bd7 15. Bf2 Qb6 16. Rad1 Bg7 17. Kh1 Ne7 18. e4 Bc6 19. e5 Nf5 20. g4 Bh6 21. Qe2 Ne7 22. Bh4 Qc7 23. Bf6 Rf7 24. Bh3 Bg7 25. Bxg7 Rxg7 26. Rf6 Rf8 27. Rdf1 Rgf7 28. Rxe6 Kg7 29. Rxf7+ Rxf7 30. Rd6 Nc8 31. Re6 Bd7 32. Rf6 Rxf6 33. exf6+ Kxf6 34. Nxd5+ 1-0

[Event "December 12 Late 2023"]
[Site "https://www.chess.com"]
[Date "2023.12.12"]
[Round "5"]
[White "Leenhouts, Koen"]
[Black "Mejia, Cherry Ann"]
[Result "1-0"]
[Board "91"]
[TimeControl "180+1"]
[WhiteFideId "1008439"]
[BlackFideId "5206880"]
[WhiteElo "2521"]
[BlackElo "2287"]
[WhiteTeam "NED"]
[BlackTeam "PHI"]
[WhiteClock "0:00:09"]
[BlackClock "0:00:00"]

1. d4 d5 2. Nf3 Nf6 3. Bf4 c5 4. e3 Nc6 5. c3 Qb6 6. Qb3 c4 7. Qc2 Bf5 8. Qc1 e6 9. Be2 h6 10. h3 Be7 11. O-O O-O 12. Nbd2 Rfc8 13. b3 cxb3 14. axb3 Nb4 15. Qb2 Nd3 16. Bxd3 Bxd3 17. Rfc1 a5 18. Ne5 Bf5 19. Bh2 a4 20. b4 Qa6 21. Ra3 b5 22. Nb3 Ne4 23. Nc5 Qa7 24. f3 Nd6 25. g4 Bh7 26. Raa1 f6 27. Ned3 Nc4 28. Qe2 Rc6 29. Nf4 Bxc5 30. bxc5 Qd7 31. Nd3 Bxd3 32. Qxd3 e5 33. Rcb1 Rcc8 34. Kg2 Re8 35. Bg1 e4 36. fxe4 Rxe4 37. Rf1 Rae8 38. Rf3 a3 39. Bf2 Qa7 40. Rf5 Qa4 41. Rxd5 Nxe3+ 42. Bxe3 Rxe3 43. Qg6 Re2+ 44. Kg3 Qc2 45. Qxc2 Rxc2 46. Rxa3 Re3+ 47. Kf4 Rexc3 48. Rxc3 Rxc3 49. Rd8+ Kf7 50. Rb8 Rc4 51. Ke4 g6 52. Rxb5 f5+ 53. gxf5 gxf5+ 54. Ke5 f4 55. Rb7+ Kg6 56. Rb6+ Kh5 57. Rf6 Rc3 58. Rf5+ Kg6 59. Rxf4 Rxh3 60. c6 Rc3 61. Kd6 h5 62. Rf8 h4 63. d5 h3 64. Rh8 Kg5 65. c7 Kg4 66. Kd7 Rc5 67. d6 Kg3 68. Rxh3+ Kxh3 69. c8=Q Rxc8 70. Kxc8 1-0

[Event "December 12 Late 2023"]
[Site "https://www.chess.com"]
[Date "2023.12.12"]
[Round "5"]
[White "Osmonbekov, Talaibek"]
[Black "Reprintsev, Alexander"]
[Result "1/2-1/2"]
[Board "92"]
[TimeControl "180+1"]
[WhiteFideId "2017253"]
[BlackFideId "14100541"]
[WhiteElo "2279"]
[BlackElo "2519"]
[WhiteTeam "USA"]
[BlackTeam "UKR"]
[WhiteClock "0:00:19"]
[BlackClock "0:00:18"]

1. d4 d5 2. Nc3 Nf6 3. Bf4 a6 4. e3 e6 5. Nf3 Nbd7 6. Ne5 c5 7. g4 cxd4 8. exd4 Bb4 9. Bd3 Qa5 10. Bd2 Nxe5 11. dxe5 Nd7 12. f4 Nc5 13. a3 Nxd3+ 14. cxd3 Be7 15. Qa4+ Qxa4 16. Nxa4 Bd7 17. Nb6 Rd8 18. Nxd7 Kxd7 19. Rc1 Rc8 20. Ke2 f6 21. d4 h5 22. g5 fxg5 23. fxg5 h4 24. h3 Rc4 25. Kd3 b5 26. b3 Rxc1 27. Rxc1 Rf8 28. Ke2 Rf5 29. Rg1 Bxa3 30. b4 a5 31. bxa5 b4 32. Rb1 Kc6 33. Bxb4 Bxb4 34. Rxb4 Rxg5 35. a6 Rg2+ 36. Kf3 Ra2 37. Kg4 Rxa6 38. Kxh4 Ra3 39. Kg4 Rc3 40. Ra4 Rc4 41. Ra6+ Kd7 42. Ra7+ Ke8 43. Rxg7 Rxd4+ 44. Kg5 Rd3 45. Kf6 Rxh3 46. Kxe6 Rh6+ 47. Kxd5 Ra6 48. Rg8+ Ke7 49. Rb8 Ra5+ 50. Ke4 Ra1 51. Rb7+ Ke6 52. Rb6+ Ke7 53. Kf5 Rf1+ 54. Ke4 Re1+ 55. Kf5 Rf1+ 56. Ke4 Re1+ 57. Kf5 Rf1+ 1/2-1/2

[Event "December 12 Late 2023"]
[Site "https://www.chess.com"]
[Date "2023.12.12"]
[Round "5"]
[White "Awoki, Daniel Teidi"]
[Black "Lin, Bryan Enming"]
[Result "1-0"]
[Board "93"]
[TimeControl "180+1"]
[WhiteFideId "2100827"]
[BlackFideId "30987121"]
[WhiteElo "2259"]
[BlackElo "2518"]
[WhiteTeam "BRA"]
[BlackTeam "USA"]
[WhiteClock "0:00:11"]
[BlackClock "0:01:42"]

1. e4 c5 2. Nf3 g6 3. d4 cxd4 4. Nxd4 Nc6 5. c4 Nf6 6. Nc3 d6 7. Be2 Nxd4 8. Qxd4 Bg7 9. Qe3 O-O 10. O-O Be6 11. Rb1 Nd7 12. b3 Qa5 13. Bd2 Qc5 14. Qxc5 Nxc5 15. f3 a5 16. Nd5 Bxd5 17. cxd5 Bd4+ 18. Kh1 Rfc8 19. Rfc1 a4 20. b4 Nd7 21. Bb5 Nb6 22. g3 a3 23. Kg2 Bb2 24. Rxc8+ Rxc8 25. Be3 Rc2+ 26. Kf1 Nc4 27. Bxc4 Rxc4 28. Bd2 Rc2 29. Ke1 f5 30. Kd1 Rc4 31. exf5 gxf5 32. Ke2 Rd4 33. Bg5 Rxd5 34. Rd1 Re5+ 35. Kd3 Kf7 36. Bf4 Rd5+ 37. Kc2 Rb5 38. Kb3 e5 39. Be3 Ke6 40. Bc1 Bd4 41. Bxa3 Rd5 42. Bc1 Bg1 43. Rxd5 Kxd5 44. h3 e4 45. fxe4+ Kxe4 46. a4 Kf3 47. Bf4 Be3 48. Bxd6 Bf2 49. a5 Bxg3 50. Bxg3 Kxg3 51. b5 f4 52. a6 bxa6 53. b6 f3 54. b7 f2 55. b8=Q+ Kxh3 56. Qf4 Kg2 57. Qg4+ Kh2 58. Qf3 Kg1 59. Qg3+ Kf1 60. Kc3 Ke2 61. Qg2 a5 62. Qe4+ Kd1 63. Qf3+ Ke1 64. Qe3+ Kf1 65. Kd2 Kg2 66. Qg5+ Kf3 67. Qf5+ Kg2 68. Ke2 Kh1 69. Qxf2 1-0

[Event "December 12 Late 2023"]
[Site "https://www.chess.com"]
[Date "2023.12.12"]
[Round "5"]
[White "Ismayil, Malak"]
[Black "Burke, Paul"]
[Result "1-0"]
[Board "94"]
[TimeControl "180+1"]
[WhiteFideId "13412604"]
[BlackFideId "2605767"]
[WhiteElo "2518"]
[BlackElo "1852"]
[WhiteTeam "AZE"]
[BlackTeam "CAN"]
[WhiteClock "0:01:07"]
[BlackClock "0:00:00"]

1. e4 e5 2. Nf3 Nc6 3. Bc4 Be7 4. O-O Nf6 5. d3 O-O 6. Nc3 d6 7. h3 Be6 8. Bb3 Bxb3 9. axb3 Nd4 10. Nxd4 exd4 11. Ne2 c5 12. f4 b5 13. Ng3 a5 14. Qf3 d5 15. e5 Ne8 16. Nf5 Qd7 17. Qg4 Kh8 18. Bd2 g6 19. Nxe7 Qxe7 20. f5 Qxe5 21. Rae1 Qg7 22. Qf3 Nf6 23. Bg5 h6 24. Bf4 g5 25. Bd6 Rfe8 26. Bxc5 Rxe1 27. Rxe1 Re8 28. Rxe8+ Nxe8 29. Qf2 f6 30. Qxd4 Qc7 31. Qxd5 1-0

[Event "December 12 Late 2023"]
[Site "https://www.chess.com"]
[Date "2023.12.12"]
[Round "5"]
[White "Rustemov, Alexander"]
[Black "Tarnowska, Aleksandra"]
[Result "1/2-1/2"]
[Board "95"]
[TimeControl "180+1"]
[WhiteFideId "4119002"]
[BlackFideId "1180967"]
[WhiteElo "2807"]
[BlackElo "2185"]
[WhiteTeam "RUS"]
[BlackTeam "POL"]
[WhiteClock "0:01:18"]
[BlackClock "0:00:13"]

1. d4 d5 2. Bg5 h6 3. Bh4 Nf6 4. Bxf6 exf6 5. e3 c6 6. Nd2 Bd6 7. Bd3 Nd7 8. c3 O-O 9. Qc2 Re8 10. Ne2 c5 11. dxc5 Nxc5 12. O-O Nxd3 13. Qxd3 Re5 14. Nf3 Rh5 15. Ng3 Bxg3 16. hxg3 Bf5 17. Qb5 Be4 18. Nh2 Qc8 19. Rad1 Bxg2 20. Kxg2 Qh3+ 21. Kf3 Qxh2 22. Ke2 Rf5 23. Rxd5 Qh5+ 24. g4 Qxg4+ 1/2-1/2

[Event "December 12 Late 2023"]
[Site "https://www.chess.com"]
[Date "2023.12.12"]
[Round "5"]
[White "Bardyk, Artem"]
[Black "Serban, Cristian-Stefan"]
[Result "1-0"]
[Board "96"]
[TimeControl "180+1"]
[WhiteFideId "34349979"]
[BlackFideId "1241443"]
[WhiteElo "2719"]
[BlackElo "2461"]
[WhiteTeam "RUS"]
[BlackTeam "ROU"]
[WhiteClock "0:02:10"]
[BlackClock "0:00:41"]

1. e4 e5 2. d4 exd4 3. Qxd4 Nc6 4. Qd3 Nf6 5. Nc3 Bb4 6. Bd2 O-O 7. Nge2 Re8 8. O-O-O d6 9. Bg5 h6 10. Bxf6 Qxf6 11. Nd5 Qd8 12. Nxb4 Nxb4 13. Qd2 Rxe4 14. f3 Nxa2+ 15. Kb1 Ra4 16. b3 Ra6 17. Nd4 c5 18. Bxa6 Nb4 19. Be2 Qa5 20. c3 Nd5 21. Nb5 Bf5+ 22. Kb2 Re8 23. Bc4 Ne3 24. Bxf7+ Kxf7 25. Nxd6+ Kg8 26. Nxe8 Nc2 1-0

[Event "December 12 Late 2023"]
[Site "https://www.chess.com"]
[Date "2023.12.12"]
[Round "5"]
[White "Tokhirjonova, Gulrukhbegim"]
[Black "Balla, Tamas-Kristof"]
[Result "1-0"]
[Board "97"]
[TimeControl "180+1"]
[WhiteFideId "14203626"]
[BlackFideId "1208497"]
[WhiteElo "2635"]
[BlackElo "2385"]
[WhiteTeam "USA"]
[BlackTeam "ROU"]
[WhiteClock "0:01:26"]
[BlackClock "0:00:30"]

1. e4 c5 2. Nf3 Nc6 3. Nc3 g6 4. Bc4 Bg7 5. O-O e6 6. Re1 Nge7 7. d3 O-O 8. a4 d5 9. Ba2 d4 10. Ne2 e5 11. h3 Kh8 12. Ng3 f5 13. exf5 Nxf5 14. Bg5 Qc7 15. Qd2 Nxg3 16. fxg3 Bxh3 17. Bh6 Bg4 18. Bxg7+ Qxg7 19. Ng5 Rae8 20. Rf1 Bf5 21. g4 Bxg4 22. Nf7+ Rxf7 23. Rxf7 Qg8 24. Qh6 Be6 25. Bxe6 Rxe6 26. Raf1 Re8 27. Rf8 1-0

[Event "December 12 Late 2023"]
[Site "https://www.chess.com"]
[Date "2023.12.12"]
[Round "5"]
[White "Kleiman, Jake"]
[Black "Buenafe Moya, Javier"]
[Result "1-0"]
[Board "98"]
[TimeControl "180+1"]
[WhiteFideId "2020041"]
[BlackFideId "2206412"]
[WhiteElo "2622"]
[BlackElo "2379"]
[WhiteTeam "USA"]
[BlackTeam "ESP"]
[WhiteClock "0:01:22"]
[BlackClock "0:00:00"]

1. e4 e5 2. Nf3 Nc6 3. Bc4 Bc5 4. d3 Nf6 5. c3 O-O 6. O-O d5 7. exd5 Nxd5 8. Re1 Bg4 9. h3 Bh5 10. Nbd2 Nb6 11. Bb5 f6 12. Ne4 Be7 13. Ng3 Bf7 14. d4 exd4 15. Bxc6 bxc6 16. Nxd4 Bd6 17. Nxc6 Qd7 18. Ne7+ Kh8 19. Nef5 Rfe8 20. Rxe8+ Rxe8 21. Nxd6 cxd6 22. b3 Bd5 23. c4 Bb7 24. Bf4 Qc6 25. f3 d5 26. cxd5 Nxd5 27. Qd4 Nxf4 28. Qxf4 Qb6+ 29. Kh2 Qf2 30. Rd1 h6 31. Qg4 Qc2 32. Rd7 1-0

[Event "December 12 Late 2023"]
[Site "https://www.chess.com"]
[Date "2023.12.12"]
[Round "5"]
[White "Kokoszczynski, Jan"]
[Black "Nita, Lucian"]
[Result "1-0"]
[Board "99"]
[TimeControl "180+1"]
[WhiteFideId "1174460"]
[BlackFideId "1206923"]
[WhiteElo "2619"]
[BlackElo "2367"]
[WhiteTeam "POL"]
[BlackTeam "ROU"]
[WhiteClock "0:00:15"]
[BlackClock "0:00:00"]

1. c4 d6 2. d4 Nf6 3. Nc3 e5 4. Nf3 Nc6 5. e4 g6 6. d5 Nb8 7. h3 Bg7 8. Be3 O-O 9. g3 Nfd7 10. g4 a5 11. g5 f5 12. gxf6 Nxf6 13. Ng5 Na6 14. Be2 h6 15. Ne6 Bxe6 16. dxe6 Qe7 17. Rg1 Kh7 18. Qd2 Qxe6 19. O-O-O Nc5 20. Kb1 Ncxe4 21. Nxe4 Nxe4 22. Qc2 Nxf2 23. Rdf1 Nxh3 24. Rxf8 Rxf8 25. Rxg6 Qf5 26. Bd3 e4 27. Bxe4 Qf1+ 28. Bc1 Kh8 29. Bg2 Qe1 30. Bxh3 Rf2 31. Re6 Qg1 32. Re8+ Rf8 33. Rxf8+ Bxf8 34. Qf5 Kg7 35. Qd7+ Kf6 36. Qe6+ Kg7 37. Qxh6+ 1-0

[Event "December 12 Late 2023"]
[Site "https://www.chess.com"]
[Date "2023.12.12"]
[Round "5"]
[White "Saravana, Krishnan P."]
[Black "Munoz Sanchez, Miguel"]
[Result "1-0"]
[Board "100"]
[TimeControl "180+1"]
[WhiteFideId "5018382"]
[BlackFideId "3600734"]
[WhiteElo "2615"]
[BlackElo "2345"]
[WhiteTeam "IND"]
[BlackTeam "ECU"]
[WhiteClock "0:01:44"]
[BlackClock "0:00:00"]

1. e4 e6 2. d4 d5 3. Nd2 Nf6 4. e5 Nfd7 5. Bd3 c5 6. c3 Nc6 7. Ndf3 cxd4 8. cxd4 f6 9. exf6 Nxf6 10. Ne2 Bd6 11. O-O Qc7 12. h3 O-O 13. Nc3 a6 14. Re1 Bd7 15. Be3 Rae8 16. Rc1 e5 17. dxe5 Nxe5 18. Nxe5 Bxe5 19. Nxd5 Qb8 20. Nxf6+ Rxf6 21. Bxh7+ Kxh7 22. Qxd7 Bxb2 23. Rb1 Rd8 24. Qg4 Bc3 25. Rec1 Qe5 26. Rxb7 Rfd6 27. Bf4 Qe4 28. Bxd6 Qxb7 29. Qh4+ Kg8 30. Qxd8+ Kh7 31. Qh4+ Kg8 32. Qc4+ Kh7 33. Qxc3 1-0

[Event "December 12 Late 2023"]
[Site "https://www.chess.com"]
[Date "2023.12.12"]
[Round "5"]
[White "Shapiro, Daniel"]
[Black "Spata, German"]
[Result "1-0"]
[Board "101"]
[TimeControl "180+1"]
[WhiteFideId "2001780"]
[BlackFideId "113026"]
[WhiteElo "2296"]
[BlackElo "2605"]
[WhiteTeam "USA"]
[BlackTeam "ARG"]
[WhiteClock "0:00:06"]
[BlackClock "0:00:00"]

1. d4 e6 2. c4 Nf6 3. g3 d5 4. Nf3 Bb4+ 5. Bd2 Be7 6. Bg2 O-O 7. Qc2 c6 8. O-O Ne4 9. Bc1 f5 10. b3 Bd7 11. Bb2 Be8 12. Nbd2 Bh5 13. Rfe1 Nd7 14. Rac1 g5 15. Ne5 Nxe5 16. dxe5 Bg6 17. Nxe4 fxe4 18. Qd2 g4 19. cxd5 exd5 20. h3 Qd7 21. Qh6 Qf5 22. hxg4 Qe6 23. f4 exf3 24. exf3 Rf7 25. Kh2 Bf8 26. Qe3 Bg7 27. Bh3 Re8 28. f4 d4 29. Qxd4 Rd7 30. Qe3 Rd3 31. Qe2 Qd5 32. Rcd1 Rd8 33. Rxd3 Bxd3 34. Qe3 Qa5 35. f5 Qxa2 36. Qf2 Qxb3 37. f6 Rf8 38. g5 Bg6 39. e6 Bxf6 40. gxf6 Qd5 41. e7 1-0

[Event "December 12 Late 2023"]
[Site "https://www.chess.com"]
[Date "2023.12.12"]
[Round "5"]
[White "Crevatin, Leo"]
[Black "Sarkar, Justin"]
[Result "1-0"]
[Board "102"]
[TimeControl "180+1"]
[WhiteFideId "1726307"]
[BlackFideId "2010011"]
[WhiteElo "2596"]
[BlackElo "2292"]
[WhiteTeam "SWE"]
[BlackTeam "USA"]
[WhiteClock "0:00:54"]
[BlackClock "0:00:00"]

1. d4 Nf6 2. c4 g6 3. Nc3 Bg7 4. e4 d6 5. Bd3 O-O 6. Nge2 Na6 7. O-O e5 8. d5 Nc5 9. Bc2 a5 10. Ng3 h5 11. Bg5 Qe8 12. Qd2 Nh7 13. Bh6 h4 14. Nge2 f5 15. Bxg7 Kxg7 16. f4 fxe4 17. Nxe4 Nxe4 18. Bxe4 Bf5 19. Bxf5 Rxf5 20. fxe5 Rxf1+ 21. Rxf1 Qxe5 22. Nd4 Nf8 23. Re1 Qf6 24. Qe3 Kg8 25. Rf1 Qe5 26. Qxe5 dxe5 27. Nf3 e4 28. Nxh4 Re8 29. Re1 Kg7 30. g3 Nd7 31. b3 a4 32. Re3 Nc5 33. Ng2 a3 34. Nf4 g5 35. Ne2 Nd3 36. Nc3 Nb4 37. Nb5 c6 38. Nxa3 1-0